 Dungeon Crawl Stone Soup version 0.28.0-43-g3370ac3207 (webtiles) character file.

Game seed: 8727483430432262307

17 pkoi the Insei (level 2, 0/24 HPs)
             Began as a Demigod Gladiator on Mar 27, 2022.
             Succumbed to a goblin's poison
             ... on level 1 of the Dungeon.
             The game lasted 00:00:52 (799 turns).

pkoi the Insei (Demigod Gladiator)                   Turns: 799, Time: 00:00:53

Health: 0/24       AC:  4    Str: 15    XL:     2   Next: 30%
Magic:  4/4        EV: 12    Int: 10    God:
Gold:   54         SH:  0    Dex: 15    Spells: 1/1 levels left

rFire   . . .      SeeInvis .     - Unarmed
rCold   . . .      Faith    .   (no shield)
rNeg    . . .      Spirit   .   a - +0 leather armour
rPois   .          Reflect  .   b - +0 helmet
rElec   .          Harm     .   (no cloak)
rCorr   .          Rampage  .   (no gloves)
Will    .....                   (no boots)
Stlth   +.........              (no amulet)
HPRegen 0.08/turn               (no ring)
MPRegen 0.09/turn               (no ring)

@: lethally poisoned (0 -> -2)
A: high MP 1, forlorn, divine attributes
a: no special abilities


You were on level 1 of the Dungeon.
You visited 1 branch of the dungeon, and saw 1 of its levels.

You collected 54 gold pieces.

Inventory:

Hand Weapons
 g - a +0 dagger
Missiles
 c - 3 throwing nets
 e - 5 atropa-tipped darts (quivered)
Armour
 a - a +0 leather armour (worn)
 b - a +0 helmet (worn)
Scrolls
 d - a scroll of blinking


   Skills:
 - Level 1.7 Fighting
 - Level 1.7 Throwing
 - Level 2.6 Dodging
 + Level 3.5 Unarmed Combat


You had one spell level left.
You didn't know any spells.
Your spell library was empty.

Dungeon Overview and Level Annotations

Branches:
Dungeon (1/15)


Innate Abilities, Weirdness & Mutations

You have an increased reservoir of magic. (+10% MP)
You shall have no god before yourself.
Your divine heritage dramatically boosts your attributes as you level up.


Message History

You are too injured to fight recklessly!
You are too injured to fight recklessly!
You are too injured to fight recklessly!
You are too injured to fight recklessly!
You are too injured to fight recklessly!
You are too injured to fight recklessly!
You are too injured to fight recklessly!
You are too injured to fight recklessly!
You are too injured to fight recklessly!
You are too injured to fight recklessly!
Unknown command.
* * * LOW HITPOINT WARNING * * *
You feel very sick.
* * * LOW HITPOINT WARNING * * *
You feel very sick.
* * * LOW HITPOINT WARNING * * *
You feel sick.
* * * LOW HITPOINT WARNING * * *
You feel sick.
* * * LOW HITPOINT WARNING * * *
You feel sick.
You aren't carrying any potions.
Blink to where?
Press: ? - help, Dir - move target
As you read the scroll labelled RUMEIKONUI, it crumbles to dust.
It was a scroll of blinking.
* * * LOW HITPOINT WARNING * * *
You feel sick.
As you read the scroll labelled SITIT SUSMAB, it crumbles to dust.
You assume a fearsome visage.
The kobold looks frightened!
The goblin looks frightened!
It was a scroll of fear.
* * * LOW HITPOINT WARNING * * *
You feel sick.
As you read the scroll labelled IPOJ CEAREK, it crumbles to dust.
You hear a loud clanging noise!
It was a scroll of noise.
* * * LOW HITPOINT WARNING * * *
You feel sick.
You aren't carrying any potions.
You die...

####.####.##......#
#'#.##...##K###.#
##.##'.....#.....#
##...###...##g############+#
##.....###'###.##........##.#
....<(...+.# #.##.######.##.#
##.....###'###.##.# #.##.##
.##...###...##..#.####
#.#...##
####.##'.....##.@....#
#......# #'#.##...##..#.##.#
#.#...## ##.####.######.#
.###>##.###.. ### ### #.#
#............ #..
.....##.###.. ### #######.#
#.# #.# #.#


There were no monsters in sight!

Vanquished Creatures
  3 endoplasms (D:1)
  A goblin (D:1)
  3 hobgoblins (D:1)
  2 jackals (D:1)
  2 ball pythons (D:1)
  A bat (D:1)
  A frilled lizard (D:1)
  2 rats (D:1)
15 creatures vanquished.

Notes
Turn   | Place    | Note
-------+----------+-------------------------------------------
     0 | D:1      | pkoi the Demigod Gladiator began the quest for the Orb.
     0 | D:1      | Reached XP level 1. HP: 17/17 MP: 3/3
   234 | D:1      | Reached skill level 3 in Unarmed Combat
   585 | D:1      | Reached XP level 2. HP: 24/24 MP: 4/4
   798 | D:1      | HP: 1/24 [poisoned by a goblin]
   799 | D:1      | Succumbed to a goblin's poison

Illustrated notes

Levels and vault maps discovered:
D:1:      dpeg_arrival_rhombi, layout_loops_corners,
          ebering_ecumenical_altar_webs, chequers_mini_garden

Skill      XL: |  1 |
---------------+----+-----
Unarmed Combat | 3 |  3.5
Fighting       | |  1.7
Throwing       | |  1.7
Dodging        | |  2.6

Action                   || total
-------------------------++-------
Melee: Unarmed           ||    51
       Punch             ||     1
  Use: Scroll            ||     3
Armor: Leather armour    ||    13
Dodge: Dodged            ||    29
